 Dungeon Crawl Stone Soup version 0.28.0 (webtiles) character file.

Game seed: 15813852593712588143

213 Torus the Ruffian (level 5, -10/47 HPs)
             Began as a Ghoul Chaos Knight on Feb 12, 2022.
             Was a Plaything of Xom.
             Mangled by a phantom (12 damage)
             ... on level 4 of the Dungeon.
             The game lasted 00:10:13 (2669 turns).

Torus the Ruffian (Ghoul Chaos Knight)              Turns: 2669, Time: 00:10:14

Health: -10/47     AC:  7    Str: 24    XL:     5   Next: 90%
Magic:  4/4        EV: 11    Int:  7    God:    Xom [...*..]
Gold:   1050       SH:  0    Dex:  8    Spells: 4/4 levels left

rFire   . . .      SeeInvis .     - Unarmed
rCold   + . .      Faith    .   (no shield)
rNeg    + + +      Spirit   .   a - +2 leather armour
rPois   ∞          Reflect  .   o - +2 hat
rElec   .          Harm     .   (no cloak)
rCorr   .          Rampage  .   (no gloves)
Will    .....                   (no boots)
Stlth   +.........              (no amulet)
HPRegen 0.00/turn               q - +6 ring of strength
MPRegen 0.09/turn               e - ring of wizardry

@: inhibited regen, invisible
A: claws 1, cold resistance 1, negative energy resistance 3, inhibited
regeneration, torment resistance 2
a: Renounce Religion


You were on level 4 of the Dungeon.
You worshipped Xom.
You were a favourite toy of Xom.
You visited 1 branch of the dungeon, and saw 4 of its levels.

You collected 1050 gold pieces.

Inventory:

Missiles
 b - 82 stones (quivered)
 d - a throwing net
 k - 6 poisoned darts
 p - 20 arrows
Armour
 a - a +2 leather armour (worn)
 o - a +2 hat (worn)
 s - a +0 pair of gloves
Jewellery
 e - a ring of wizardry (right claw)
 q - a +6 ring of strength (left claw)
Wands
 n - a wand of acid (7)
 r - a wand of iceblast (6)
 t - a wand of charming (5)
Potions
 h - a potion of cancellation {unknown}
 i - a potion of curing {unknown}
 j - a potion of brilliance {unknown}
 v - a potion of lignification {unknown}
Miscellaneous
 f - a piece from Xom's chessboard (2/15)


   Skills:
 + Level 4.8 Fighting
 - Level 1.7 Armour
 - Level 0.8 Dodging
 * Level 6.0 Unarmed Combat
 - Level 0.2 Evocations


You had 4 spell levels left.
You didn't know any spells.
Your spell library contained the following spells:

 Spells                   Type           Power      Damage    Failure   Level
 Slow                     Hex            0%         N/A       21%         1
 Scorch                   Fire           0%         2d5       32%         2
 Confusing Touch          Hex            0%         N/A       52%         3
 Dazzling Flash           Conj/Hex       0%         N/A       52%         3
 Vampiric Draining        Necr           0%         2d6       52%         3
 Animate Dead             Necr           0%         N/A       88%         4
 Flame Wave               Conj/Fire      0%         2d4       88%         4
 Iskenderun's Mystic Bla  Conj/Tloc      0%         2d3       88%         4
 Starburst                Conj/Fire      0%         6d3       100%        6
 Summon Cactus Giant      Summ           0%         N/A       100%        6
 Haunt                    Necr/Summ      0%         N/A       100%        7
 Infestation              Necr           0%         N/A       100%        8


Dungeon Overview and Level Annotations

Branches:
Dungeon (4/15)             Temple (0/1) D:4

Altars:
Xom


Innate Abilities, Weirdness & Mutations

You thrive by killing the living.
You are immune to poison.
You have sharp fingernails.
Your flesh is cold resistant. (rC+)
You are immune to negative energy. (rN+++)
You do not regenerate when monsters are visible.
You are immune to unholy pain and torment.


Message History

The bullfrog is heavily wounded.
The bullfrog hits you. The bullfrog barely misses you.
You scratch the bullfrog but do no damage.
The bullfrog is heavily wounded.
The bullfrog hits you but does no damage.
You claw the bullfrog!
You kill the bullfrog!
Your piece from Xom's chessboard (5/15) has regained two charges.
Your Unarmed Combat skill increases to level 6!
You throw a stone. The stone closely misses the phantom.
You throw a stone. The stone barely misses the phantom.
You make a move on Xom's chessboard...
The phantom seems to speed up.
You make a move on Xom's chessboard...
Nothing appears to happen.
The phantom hits you but does no damage.
The phantom hits you.
You make a move on Xom's chessboard...
The phantom seems to grow stronger.
The phantom closely misses you.
You closely miss the phantom.
You hear Xom's avuncular chuckle.
The phantom suddenly seems more agile.
The phantom hits you but does no damage.
The phantom hits you!
The phantom blinks!
You blink.
Found a stone staircase leading down.
You see here a stone.
Found 23 stones.
The phantom hits you but does no damage.
You see here a stone.
The phantom hits you!
The phantom blinks!
You blink.
Found a scroll of identify.
You barely miss the phantom. The phantom hits you!
Xom is mildly amused.
You aren't carrying any scrolls.
It was a potion of invisibility.
You fade into invisibility!
Xom roars with laughter!
The phantom closely misses you. The phantom completely misses you.
Found a pink potion.
The phantom closely misses you. The phantom hits you!
You die...
Xom guffaws!

######..W...#..##...##..
...!...@.#..............
#####...?........######.
#.#..#..........#
#.#..#.....#.##.# #
#..#...)....#)#
#..#.###.#..#.#### #..#
............ #..#
#####..#.#### #...#<#
#..##..... .... ######
####


You could see a phantom (fast, strong, agile).

Vanquished Creatures
  A bullfrog (D:4)
  Natasha (D:2)
  3 gnolls (D:2)
  2 adders (D:2)
  2 worms
  2 dart slugs (D:3)
  7 endoplasms
  2 giant cockroaches (D:1)
  2 goblins
  5 hobgoblins
  4 jackals (D:2)
  4 quokkas
  5 ball pythons
  A ball python skeleton (D:2)
  A ball python zombie (D:2)
  6 bats (D:1)
  A frilled lizard (D:1)
  5 kobolds
  6 rats
60 creatures vanquished.

Vanquished Creatures (collateral kills)
  A dart slug (D:1)
  3 endoplasms (D:1)
  A goblin (D:1)
  3 hobgoblins (D:1)
  A ball python (D:1)
  A frilled lizard (D:1)
10 creatures vanquished.

Vanquished Creatures (others)
  A withered plant (D:2)
1 creature vanquished.

Grand Total: 71 creatures vanquished

Notes
Turn   | Place    | Note
-------+----------+-------------------------------------------
     0 | D:1      | Torus the Ghoul Chaos Knight began the quest for the Orb.
     0 | D:1      | Reached XP level 1. HP: 19/19 MP: 0/0
    10 | D:1      | XOM: potion effect (invisibility)
    22 | D:1      | XOM: summons friendly quasit
    44 | D:1      | Reached XP level 2. HP: 26/26 MP: 1/1
    95 | D:1      | Reached skill level 4 in Unarmed Combat
   220 | D:1      | Found a faded altar of an unknown god.
   290 | D:1      | Reached XP level 3. HP: 33/33 MP: 2/2
   446 | D:1      | XOM: god gift: piece from Xom's chessboard (15/15)
  1102 | D:2      | XOM: polymorph gnoll -> adder
  1108 | D:2      | Reached XP level 4. HP: 35/40 MP: 3/3
  1120 | D:2      | Reached skill level 5 in Unarmed Combat
  1440 | D:2      | XOM: cloud trail
  1490 | D:2      | XOM: 1-stop teleportation journey
  1609 | D:2      | XOM: scenery: create altars
  1657 | D:2      | Noticed Natasha
  1666 | D:2      | Killed Natasha
  1667 | D:2      | Reached XP level 5. HP: 37/47 MP: 4/4
  2211 | D:3      | XOM: god gift: wand of charming (5)
  2371 | D:3      | XOM: 1-stop teleportation journey
  2550 | D:3      | XOM: god gift: 936 gold pieces
  2578 | D:3      | XOM: god gift: book of Death
  2634 | D:4      | Found a staircase to the Ecumenical Temple.
  2650 | D:4      | Noticed a phantom
  2654 | D:4      | Reached skill level 6 in Unarmed Combat
  2659 | D:4      | XOM: enchant monster (bad)
  2664 | D:4      | HP: 2/47 [phantom (13)]
  2669 | D:4      | Mangled by a phantom

Illustrated notes

Levels and vault maps discovered:
D:1:      erik_arrival_orb_chamber, layout_basic,
          hellmonk_ecumenical_altar_heavens_door
D:2:      layout_rooms, serial_undead, serial_undead_a, serial_undead_b,
          serial_undead_f, serial_undead_b, minmay_misc_feat_alley,
          nicolae_concentric_dashed_squares_wild, uniq_natasha
D:3:      layout_loops_ring
D:4:      layout_basic, minmay_temple_entry_stoned_glass

Skill      XL: |  1  2  3  4  5 |
---------------+----------------+-----
Unarmed Combat | 4 5 6 |  6.0
Fighting       | 4 |  4.8
Armour         | |  1.7
Dodging        | |  0.8
Evocations     | |  0.2

Action                   |  1- 3 |  4- 6 || total
-------------------------+-------+-------++-------
Melee: Unarmed           |    87 |    73 ||   160
       Punch             |     2 |     3 ||     5
Throw: Stone             |     1 |     4 ||     5
Evoke: Piece from Xom's  |    10 |    12 ||    22
  Use: Scroll            |     1 |     3 ||     4
       Potion            |       |     1 ||     1
 Stab: Petrified         |     5 |       ||     5
       Confused          |       |     1 ||     1
Armor: Leather armour    |    36 |    22 ||    58
Dodge: Dodged            |    51 |    30 ||    81
